 Dungeon Crawl Stone Soup version 0.29-a0-321-gf1c400731a (webtiles) character file.

Game seed: 7027016955622096367

321 Murumi the Sneak (level 6, -2/37 HPs)
             Began as a Vampire Monk on Apr 5, 2022.
             Was a Follower of Okawaru.
             Slain by an iguana (8 damage)
             ... on level 5 of the Dungeon.
             The game lasted 00:13:03 (6184 turns).

Murumi the Sneak (Vampire Monk)                     Turns: 6184, Time: 00:13:04

Health: -2/37      AC:  7    Str: 10    XL:     6   Next: 22%
Magic:  4/6        EV: 12    Int: 13    God:    Okawaru [*.....]
Gold:   220        SH:  6    Dex: 18    Spells: 5/5 levels left

rFire   . . .      SeeInvis +   a - +0 falchion
rCold   + + .      Faith    .   h - +0 buckler
rNeg    + + +      Spirit   .   d - +0 scale mail
rPois   ∞          Reflect  .   (no helmet)
rElec   .          Harm     .   (no cloak)
rCorr   .          Rampage  .   (no gloves)
Will    .....                   (no boots)
Stlth   ++++++....              (no amulet)
HPRegen 0.00/turn               (no ring)
MPRegen 0.10/turn               (no ring)

@: heroic, bloodless, inhibited regen
A: bloodless, fangs 3, see invisible, vampiric 2
a: Bat Form, Revivify, Renounce Religion, Heroism


You were on level 5 of the Dungeon.
You worshipped Okawaru.
Okawaru was aware of your devotion.
You visited 2 branches of the dungeon, and saw 6 of its levels.
You also visited: Sewer.

You collected 220 gold pieces.

Inventory:

Hand Weapons
 a - a +0 falchion (weapon)
 f - a +2 hunting sling
Armour
 d - a +0 scale mail (worn)
 h - a +0 buckler (worn)
Wands
 k - a wand of flame (15)
Scrolls
 i - 3 scrolls of teleportation
 m - a scroll of amnesia
 n - a scroll of fear
Potions
 b - 3 potions of curing
 c - a potion of ambrosia
 e - 2 potions of resistance
 g - a potion of brilliance
 j - a potion of heal wounds


   Skills:
 - Level 3.0(8.0) Fighting
 - Level 3.0(8.0) Long Blades
 - Level 2.0(7.0) Slings
 + Level 1.9(6.9) Armour
 - Level 4.0(9.0) Dodging
 - Level 6.0(11.0) Stealth
 - Level 2.0(7.0) Shields
 - Level 1.0 Evocations


You had 5 spell levels left.
You didn't know any spells.
Your spell library contained the following spells:

 Spells                   Type           Power      Damage    Failure   Level
 Foxfire                  Conj/Fire      0%         2x1d4     91%         1
 Sandblast                Erth           0%         2d4       91%         1
 Sting                    Tmut/Pois      0%         1d3       91%         1
 Passwall                 Tmut/Erth      0%         N/A       97%         2
 Poisonous Vapours        Pois/Air       0%         N/A       97%         2
 Stone Arrow              Conj/Erth      0%         3d7       99%         3
 Olgreb's Toxic Radiance  Pois           0%         N/A       100%        4
 Iskenderun's Battlesphe  Conj           0%         2d6       100%        5
 Fire Storm               Conj/Fire      0%         5d1       100%        9


Dungeon Overview and Level Annotations

Branches:
Dungeon (5/15)             Temple (1/1) D:4           Sewer (visited)

Altars:
Ashenzari
Cheibriados
Dithmenos
Elyvilon
Fedhas
Gozag
Hepliaklqana
Kikubaaqudgha
Makhleb
Okawaru
Qazlal
Ru
Sif Muna
Trog
Uskayaw
Vehumet
Wu Jian
Xom
Zin
The Shining One


Innate Abilities, Weirdness & Mutations

You do not regenerate when monsters are visible.
You are frail without blood (-20% HP).
You can heal yourself when you bite living creatures.
You are immune to poison.
You have razor-sharp teeth.
You have supernaturally acute eyesight. (SInv)
You are afflicted with vampirism and can become a bat while bloodless.


Message History

The orc is almost dead.
An iguana comes into view.
The orc hits you but does no damage.
You barely miss the orc.
The orc is almost dead.
The iguana hisses angrily.
The orc hits you but does no damage.
You slash the orc!
You kill the orc!
Okawaru accepts your kill.
f - a +2 hunting sling (weapon)
You shoot a sling bullet.
The sling bullet closely misses the iguana.
a - a +0 falchion (weapon)
You hit the iguana.
The iguana is lightly wounded.
The iguana bites you.
You hit the iguana.
The iguana is heavily wounded.
The iguana bites you. The iguana closely misses you.
You closely miss the iguana. Your bite misses the iguana.
The iguana is heavily wounded.
The iguana closely misses you.
You hit the iguana but do no damage.
The iguana is heavily wounded.
The iguana bites you.
You barely miss the iguana.
The iguana is heavily wounded.
The iguana bites you but does no damage.
You barely miss the iguana.
The iguana is heavily wounded.
The iguana bites you!
You gain the combat prowess of a mighty hero.
The iguana hisses menacingly.
The iguana bites you!
* * * LOW HITPOINT WARNING * * *
You hit the iguana but do no damage.
The iguana is heavily wounded.
The iguana bites you!
You die...

...#####..
.#.....#..
#.........
#......... .
#####.........
..
.............
...###
#..l.......
......##
#..@.......
........
#.)......).
....^..<
##.........
........
..........
.......[
..#..>.....
........
#####.......
..#.....
#......
.......#
...... .......
#.....#


You could see an iguana.

Vanquished Creatures
  A necrophage (D:4)
  Natasha (thrice) (D:2)
  4 river rats
  7 adders
  2 worms
  A dart slug (D:4)
  7 orcs
  4 endoplasms
  2 giant cockroaches
  A goblin (D:2)
  8 hobgoblins
  6 jackals
  2 quokkas (D:2)
  10 ball pythons
  6 bats
  9 frilled lizards
  6 kobolds
  7 rats
86 creatures vanquished.

Notes
Turn   | Place    | Note
-------+----------+-------------------------------------------
     0 | D:1      | Murumi the Vampire Monk began the quest for the Orb.
     0 | D:1      | Reached XP level 1. HP: 17/17 MP: 1/1
   181 | D:1      | Reached XP level 2. HP: 10/19 MP: 2/2
   602 | D:1      | Found a faded altar of an unknown god.
  1088 | D:2      | Reached skill level 1 in Shields
  1124 | D:2      | Noticed Natasha
  1136 | D:2      | Killed Natasha
  1137 | D:2      | Reached skill level 1 in Armour
  1137 | D:2      | Gained mutation: You are afflicted with vampirism and can
                  | become a bat while bloodless. [Vampire growth]
  1137 | D:2      | Reached XP level 3. HP: 16/23 MP: 3/3
  1349 | D:2      | Reached skill level 4 in Stealth
  1395 | D:2      | Noticed Natasha
  1405 | D:2      | Killed Natasha
  1406 | D:2      | Reached skill level 1 in Slings
  1406 | D:2      | Reached XP level 4. HP: 7/28 MP: 4/4
  1767 | D:2      | Noticed Natasha
  1894 | D:2      | Killed Natasha
  1895 | D:2      | Reached skill level 5 in Stealth
  2286 | D:2      | Got the Collected Works on Conjuration and Toxins
  3630 | D:4      | Reached XP level 5. HP: 31/32 MP: 5/5
  3658 | D:4      | Found a glowing drain.
  3682 | D:4      | Reached skill level 1 in Evocations
  3697 | Sewer    | Entered a sewer
  4215 | Sewer    | Reached skill level 6 in Stealth
  4760 | D:4      | Reached XP level 6. HP: 20/37 MP: 6/6
  5072 | D:4      | Found a staircase to the Ecumenical Temple.
  5079 | Temple   | Entered the Ecumenical Temple
  5505 | Temple   | Became a worshipper of Warmaster Okawaru
  5505 | Temple   | Reached * piety under Okawaru
  5505 | Temple   | Reached ** piety under Okawaru
  5719 | D:5      | Entered Level 5 of the Dungeon
  5968 | D:5      | Noticed an orc warrior
  6184 | D:5      | Slain by an iguana

Illustrated notes

Levels and vault maps discovered:
D:1:      dpeg_arrival_stonehenge_12_columns, layout_basic,
          hellmonk_ecumenical_altar_inner_sanctum
D:2:      layout_basic, uniq_natasha
D:3:      layout_loops_cross, minmay_misc_feat_nine_boxes, minmay_door_square
D:4:      layout_basic, minmay_temple_entry_hall, portal_sewer_entry_c
D:5:      layout_cave_pods, gammafunk_ghost_abyssal_escape
Temple:   mainiacjoe_temple_big_plus

Skill      XL: |  1  2  3  4  5 |
---------------+----------------+-----
Fighting       | 3 |  3.0
Dodging        | 4 |  4.0
Shields        | 1 2 |  2.0
Armour         | 1 |  1.9
Stealth        | 4 5 6 |  6.0
Slings         | 1 2 |  2.0
Evocations     | 1 |  1.0
Long Blades    | |  3.0

Action                   |  1- 3 |  4- 6 || total
-------------------------+-------+-------++-------
Melee: Falchion          |    71 |   188 ||   259
       Bite              |     3 |    10 ||    13
 Fire: Hunting sling     |       |    39 ||    39
Invok: Heroism           |       |     2 ||     2
 Abil: Exsanguinate      |     1 |       ||     1
  Use: Scroll            |     6 |    10 ||    16
       Potion            |       |     1 ||     1
 Stab: Sleeping          |    13 |    14 ||    27
       Distracted        |     1 |     1 ||     2
Armor: Robe              |     7 |       ||     7
       Scale mail        |     1 |    62 ||    63
Dodge: Dodged            |    43 |    78 ||   121
Block: Buckler           |     6 |    33 ||    39

Table legend: (Time is in decaauts)
 A = Elapsed time spent in this place.
 B = Non-inter-level travel time spent in this place.
 C = Inter-level travel time spent in this place.
 D = Time resting spent in this place.
 E = Time spent auto-exploring this place.
 F = Levels seen in this place.
 G = Mean time per level.
                   A        B        C        D        E       F      G
               +--------+--------+--------+--------+--------+-----+--------+
         Total |   6309 |   5832 |    477 |    801 |   4065 |   7 |  901.3 |
       Dungeon |   5016 |   4597 |    419 |    490 |   3310 |   5 | 1003.2 |
        Temple |    448 |    391 |     57 |      0 |    383 |   1 |  448.0 |
         Sewer |    844 |    844 |      0 |    311 |    371 |   1 |  844.0 |
               +--------+--------+--------+--------+--------+-----+--------+

Top non-repeatable levels by time:
     D:2: 1835 daAuts
     D:4: 1333 daAuts
     D:3: 942 daAuts
     D:1: 862 daAuts
   Sewer: 844 daAuts
  Temple: 448 daAuts
     D:5: 42 daAuts
